General information
- name: BNet
- type: Ladder team game (AT/RT)
- host: Battle.net
- saver: Murderwood
map: TwilightRuins
- players: 8
- length: 64:15
- speed: Fast
- version: 1.28 W3XP
- replay type: Public
» download(440 KB)
Players
team 1 (winner)
WGhost (
green | 51 APM | 3274 actions | 64:12)
6 Death Knight
3 Death Coil
2 Unholy Aura
1 Animate Dead
4 Lich
2 Frost Nova
2 Frost Armor
4 Dark Ranger
2 Silence
2 Black Arrow
» actions
| Assign group hotkey | 40 | |
| Basic commands | 174 | |
| Build / train | 89 | |
| ESC pressed | 2 | |
| Enter build submenu | 48 | |
| Enter hero's abilities submenu | 14 | |
| Give item / drop item | 6 | |
| Right click | 1470 | |
| Select / deselect | 479 | |
| Select group hotkey | 789 | |
| Use ability | 163 | |
3274 total
» units
| Acolyte | 19 | |
| Ghoul | 3 | |
| Crypt Fiend | 6 | |
| Goblin Sapper | 3 | |
| Goblin Shredder | 1 | |
| Meatwagon | 5 | |
37 total
» upgrades
| Creature Attack | 2 | |
| Web | 1 | |
| Burrow | 1 | |
| Unholy Strength | 3 | |
7 total
» buildings
| Graveyard | 1 | |
| Crypt | 1 | |
| Altar of Darkness | 1 | |
| Ziggurat | 10 | |
| Tomb of Relics | 3 | |
| Nerubian Tower | 1 | |
| Necropolis | 3 | |
| Halls of the Dead | 1 | |
| Sacrificial Pit | 1 | |
| Black Citadel | 1 | |
| Spirit Tower | 3 | |
| Slaughterhouse | 6 | |
32 total
» build order
00:13 Graveyard
00:15 Crypt
00:41 Altar of Darkness
01:01 Ziggurat
01:41 Tomb of Relics
02:05 Ziggurat
02:32 Nerubian Tower
03:41 Ziggurat
04:02 Necropolis
05:32 Halls of the Dead
07:06 Ziggurat
07:13 Ziggurat
08:19 Sacrificial Pit
09:26 Black Citadel
09:37 Spirit Tower
09:39 Ziggurat
09:41 Tomb of Relics
10:58 Spirit Tower
13:36 Slaughterhouse
13:38 Slaughterhouse
13:39 Slaughterhouse
13:42 Slaughterhouse
13:49 Slaughterhouse
13:51 Slaughterhouse
14:59 Tomb of Relics
15:14 Ziggurat
15:15 Ziggurat
15:46 Spirit Tower
15:58 Necropolis
16:25 Ziggurat
16:26 Ziggurat
24:36 Necropolis
» items
| Rod of Necromancy | 2 | |
| Potion of Healing | 3 | |
| Scroll of Town Portal | 9 | |
| Potion of Mana | 1 | |
| Sacrificial Skull | 2 | |
| Boots of Speed | 3 | |
20 total

»
yonick7 (
teal | 23 APM | 1140 actions | 49:20)
6 Death Knight
2 Death Coil
3 Unholy Aura
1 Animate Dead
» actions
| Basic commands | 8 | |
| Build / train | 52 | |
| ESC pressed | 1 | |
| Enter build submenu | 21 | |
| Enter hero's abilities submenu | 6 | |
| Right click | 675 | |
| Select / deselect | 334 | |
| Use ability | 42 | |
1140 total
» units
| Acolyte | 3 | |
| Ghoul | 4 | |
| Crypt Fiend | 23 | |
| Giant Sea Turtle | 1 | |
| Makrura Snapper | 1 | |
| Mur'gul Snarecaster | 1 | |
| Makrura Deepseer | 1 | |
34 total
» upgrades
| Creature Attack | 3 | |
| Web | 1 | |
| Creature Carapace | 3 | |
7 total
» buildings
| Crypt | 1 | |
| Ziggurat | 13 | |
| Altar of Darkness | 2 | |
| Nerubian Tower | 1 | |
| Graveyard | 1 | |
| Tomb of Relics | 1 | |
| Halls of the Dead | 1 | |
| Black Citadel | 1 | |
21 total
» build order
00:16 Crypt
00:19 Ziggurat
00:45 Altar of Darkness
00:50 Altar of Darkness
01:12 Nerubian Tower
01:30 Ziggurat
02:08 Graveyard
02:19 Ziggurat
02:47 Tomb of Relics
05:15 Halls of the Dead
10:09 Ziggurat
10:10 Black Citadel
10:17 Ziggurat
10:20 Ziggurat
15:07 Ziggurat
24:51 Ziggurat
24:52 Ziggurat
24:56 Ziggurat
26:27 Ziggurat
27:54 Ziggurat
28:46 Ziggurat
» items
gingertea (
purple | 39 APM | 1996 actions | 51:27)
5 Mountain King
3 Storm Bolt
2 Bash
3 Paladin
2 Holy Light
1 Divine Shield
» actions
| Assign group hotkey | 23 | |
| Basic commands | 76 | |
| Build / train | 115 | |
| Enter build submenu | 43 | |
| Enter hero's abilities submenu | 8 | |
| Give item / drop item | 1 | |
| Remove unit from queue | 10 | |
| Right click | 670 | |
| Select / deselect | 557 | |
| Select group hotkey | 412 | |
| Use ability | 80 | |
1996 total
» units
| Peasant | 18 | |
| Footman | 3 | |
| Goblin Shredder | 4 | |
| Mortar Team | 5 | |
| Sorceress | 4 | |
| Rifleman | 3 | |
| Siege Engine | 2 | |
| Priest | 1 | |
| Flying Machine | 16 | |
| Goblin Sapper | 1 | |
57 total
» upgrades
| Masonry | 1 | |
| Gunpowder | 3 | |
| Lumber Harvesting | 1 | |
| Flare | 1 | |
| Long Rifles | 1 | |
| Sorceress Training | 2 | |
| Barrage | 1 | |
| Fragmentation Shards | 1 | |
| Priest Training | 2 | |
| Defend | 1 | |
| Flak Cannons | 1 | |
| Flying Machine Bombs | 1 | |
16 total
» buildings
| Barracks | 2 | |
| Altar of Kings | 1 | |
| Farm | 11 | |
| Arcane Vault | 1 | |
| Scout Tower | 9 | |
| Lumber Mill | 2 | |
| Arcane Tower | 3 | |
| Town Hall | 11 | |
| Keep | 3 | |
| Guard Tower | 3 | |
| Blacksmith | 1 | |
| Arcane Sanctum | 3 | |
| Workshop | 3 | |
| Castle | 1 | |
54 total
» build order
01:15 Barracks
01:26 Altar of Kings
01:40 Farm
01:54 Farm
02:39 Farm
03:27 Arcane Vault
03:34 Scout Tower
03:50 Lumber Mill
03:55 Lumber Mill
04:01 Farm
04:03 Arcane Tower
04:03 Arcane Tower
04:22 Scout Tower
05:04 Town Hall
05:38 Keep
05:39 Keep
05:39 Keep
06:06 Scout Tower
06:07 Scout Tower
06:10 Guard Tower
06:14 Scout Tower
06:21 Blacksmith
07:13 Arcane Tower
07:15 Guard Tower
07:26 Guard Tower
08:07 Arcane Sanctum
08:08 Arcane Sanctum
08:10 Workshop
08:23 Farm
09:42 Workshop
09:47 Workshop
10:40 Farm
10:41 Farm
10:46 Farm
10:52 Farm
10:52 Farm
11:16 Arcane Sanctum
11:22 Castle
12:16 Barracks
12:29 Town Hall
15:18 Town Hall
17:53 Town Hall
18:40 Farm
23:16 Town Hall
23:19 Town Hall
24:36 Town Hall
24:52 Scout Tower
25:31 Town Hall
26:07 Town Hall
28:40 Town Hall
30:14 Town Hall
30:16 Scout Tower
30:17 Scout Tower
30:18 Scout Tower
» items
| Scroll of Regeneration | 4 | |
| Lesser Clarity Potion | 2 | |
| Scroll of Town Portal | 2 | |
| Orb of Fire | 1 | |
| Potion of Healing | 1 | |
10 total
Murderwood (
red | 57 APM | 3639 actions | 64:15)
6 Blademaster
3 Wind Walk
2 Critical Strike
1 Bladestorm
1 Goblin Tinker
1 Engineering Upgrade
» actions
| Assign group hotkey | 324 | |
| Basic commands | 483 | |
| Build / train | 133 | |
| Enter build submenu | 67 | |
| Enter hero's abilities submenu | 7 | |
| Give item / drop item | 20 | |
| Right click | 1264 | |
| Select / deselect | 600 | |
| Select group hotkey | 541 | |
| Use ability | 200 | |
3639 total
» units
| Peon | 18 | |
| Grunt | 5 | |
| Goblin Shredder | 5 | |
| Goblin Zeppelin | 6 | |
| Wind Rider | 10 | |
| Goblin Sapper | 24 | |
68 total
» upgrades
| Reinforced Defenses | 1 | |
| Ranged Weapons | 3 | |
| Envenomed Spears | 1 | |
| Armor | 3 | |
8 total
» buildings
| Orc Burrow | 9 | |
| Altar of Storms | 1 | |
| Barracks | 1 | |
| Stronghold | 1 | |
| Voodoo Lounge | 2 | |
| Great Hall | 4 | |
| War Mill | 2 | |
| Fortress | 1 | |
| Watch Tower | 41 | |
| Beastiary | 6 | |
68 total
» build order
00:10 Orc Burrow
01:04 Altar of Storms
01:06 Barracks
01:09 Orc Burrow
02:38 Stronghold
02:48 Voodoo Lounge
03:48 Orc Burrow
04:26 Great Hall
05:20 War Mill
06:12 Fortress
06:45 Watch Tower
06:45 Watch Tower
06:45 Watch Tower
06:46 Watch Tower
07:08 Watch Tower
08:47 Beastiary
08:48 Beastiary
08:49 Beastiary
08:50 Beastiary
08:51 Beastiary
08:52 Beastiary
09:11 Orc Burrow
12:18 Watch Tower
12:19 Watch Tower
12:19 Watch Tower
12:23 Watch Tower
12:25 Watch Tower
12:27 Watch Tower
12:28 Watch Tower
12:30 Watch Tower
12:30 Watch Tower
12:33 Watch Tower
12:33 Watch Tower
12:35 Watch Tower
12:36 Watch Tower
12:44 Orc Burrow
13:46 Watch Tower
13:47 Watch Tower
13:49 Watch Tower
13:50 Watch Tower
13:52 Watch Tower
14:28 Watch Tower
14:28 Watch Tower
14:28 Watch Tower
14:30 Watch Tower
14:30 Watch Tower
14:30 Watch Tower
15:42 War Mill
17:01 Orc Burrow
17:04 Orc Burrow
25:18 Orc Burrow
25:21 Orc Burrow
31:07 Great Hall
32:06 Watch Tower
32:06 Watch Tower
32:06 Watch Tower
32:07 Watch Tower
35:38 Voodoo Lounge
36:19 Great Hall
36:21 Watch Tower
36:21 Watch Tower
37:40 Watch Tower
37:40 Watch Tower
40:47 Great Hall
40:49 Watch Tower
40:49 Watch Tower
40:49 Watch Tower
40:50 Watch Tower
» items
| Dust of Appearance | 1 | |
| Healing Salve | 5 | |
| Orb of Lightning | 2 | |
| Staff of Teleportation | 4 | |
| Periapt of Vitality | 3 | |
| Tiny Great Hall | 2 | |
| Scroll of Town Portal | 15 | |
| Scroll of Healing | 1 | |
| Potion of Lesser Invulnerability | 5 | |
| Boots of Speed | 2 | |
| Claws of Attack +9 | 1 | |
| Healing Wards | 1 | |
| Potion of Invulnerability | 1 | |
| Book of the Dead | 1 | |
| Ankh of Reincarnation | 1 | |
45 total
team 2 (loser)
SDMPoupy (
pink | 57 APM | 375 actions | 06:32)
2 Death Knight
1 Death Coil
1 Unholy Aura
» actions
| Assign group hotkey | 7 | |
| Basic commands | 6 | |
| Build / train | 18 | |
| Enter build submenu | 10 | |
| Enter hero's abilities submenu | 2 | |
| Right click | 203 | |
| Select / deselect | 77 | |
| Select group hotkey | 34 | |
| Use ability | 18 | |
375 total
» units
| Acolyte | 3 | |
| Ghoul | 2 | |
| Crypt Fiend | 4 | |
| Goblin Shredder | 1 | |
10 total
» buildings
| Graveyard | 1 | |
| Crypt | 1 | |
| Altar of Darkness | 1 | |
| Ziggurat | 5 | |
| Tomb of Relics | 1 | |
| Nerubian Tower | 1 | |
| Halls of the Dead | 1 | |
| Black Citadel | 1 | |
12 total
» build order
00:10 Graveyard
00:12 Crypt
00:43 Altar of Darkness
00:59 Ziggurat
01:39 Tomb of Relics
01:58 Nerubian Tower
02:33 Ziggurat
03:31 Halls of the Dead
05:28 Ziggurat
05:30 Ziggurat
05:32 Ziggurat
06:01 Black Citadel
» items

»
snakeplisken (
yellow | 36 APM | 232 actions | 06:29)
2 Demon Hunter
1 Immolation
1 Evasion
» actions
| Assign group hotkey | 6 | |
| Basic commands | 18 | |
| Build / train | 24 | |
| Enter build submenu | 12 | |
| Enter hero's abilities submenu | 2 | |
| Right click | 52 | |
| Select / deselect | 69 | |
| Select group hotkey | 27 | |
| Use ability | 22 | |
232 total
» units
» buildings
| Moon Well | 5 | |
| Altar of Elders | 1 | |
| Ancient of War | 2 | |
| Tree of Life | 1 | |
| Hunter's Hall | 1 | |
10 total
» build order
00:05 Moon Well
00:08 Altar of Elders
01:12 Moon Well
01:32 Ancient of War
01:56 Ancient of War
02:19 Moon Well
04:00 Tree of Life
04:54 Moon Well
05:58 Moon Well
06:04 Hunter's Hall
KBILLY-REVENGE (
blue | 69 APM | 4429 actions | 64:12)
8 Blademaster
3 Wind Walk
3 Critical Strike
1 Bladestorm
1 Mirror Image
1 Death Knight
1 Death Coil
1 Demon Hunter
1 Mana Burn
1 Lich
1 Frost Nova
» actions
| Assign group hotkey | 79 | |
| Basic commands | 72 | |
| Build / train | 128 | |
| Enter build submenu | 61 | |
| Enter hero's abilities submenu | 12 | |
| Give item / drop item | 4 | |
| Remove unit from queue | 1 | |
| Right click | 2012 | |
| Select / deselect | 533 | |
| Select group hotkey | 1177 | |
| Use ability | 350 | |
4429 total
» units
| Peon | 30 | |
| Goblin Shredder | 3 | |
| Wisp | 11 | |
| Troll Batrider | 12 | |
| Gargoyle | 13 | |
| Raider | 11 | |
80 total
» upgrades
| Ranged Weapons | 2 | |
| Armor | 2 | |
| Creature Attack | 3 | |
| Reinforced Defenses | 1 | |
| Liquid Fire | 1 | |
| Creature Carapace | 2 | |
| Ensnare | 1 | |
| Melee Weapons | 2 | |
| Pillage | 1 | |
15 total
» buildings
| Altar of Storms | 2 | |
| Orc Burrow | 8 | |
| Voodoo Lounge | 2 | |
| Great Hall | 9 | |
| Stronghold | 2 | |
| War Mill | 2 | |
| Fortress | 2 | |
| Beastiary | 9 | |
| Watch Tower | 46 | |
| Spirit Tower | 2 | |
| Ziggurat | 1 | |
| Ancient Protector | 20 | |
| Graveyard | 1 | |
| Crypt | 1 | |
| Barracks | 3 | |
110 total
» build order
00:10 Altar of Storms
00:25 Orc Burrow
01:19 Voodoo Lounge
02:08 Great Hall
02:54 Stronghold
03:11 Orc Burrow
03:35 War Mill
04:16 Great Hall
05:41 Fortress
05:47 Beastiary
05:51 Beastiary
06:27 Orc Burrow
06:59 Watch Tower
06:59 Watch Tower
07:00 Watch Tower
07:29 Spirit Tower
07:30 Spirit Tower
07:32 Ziggurat
07:50 Watch Tower
07:51 Watch Tower
07:55 Watch Tower
08:17 Watch Tower
08:17 Watch Tower
08:18 Watch Tower
09:27 Ancient Protector
09:27 Ancient Protector
09:28 Ancient Protector
09:28 Ancient Protector
09:28 Ancient Protector
09:29 Ancient Protector
09:29 Ancient Protector
09:33 Ancient Protector
09:33 Ancient Protector
09:36 Graveyard
09:38 Crypt
10:08 Watch Tower
10:08 Watch Tower
10:09 Watch Tower
10:13 Watch Tower
10:14 Watch Tower
10:14 Watch Tower
10:15 Watch Tower
10:15 Watch Tower
10:36 Ancient Protector
11:02 Watch Tower
11:25 Ancient Protector
11:26 Ancient Protector
11:26 Ancient Protector
12:23 Ancient Protector
12:24 Ancient Protector
12:24 Ancient Protector
12:25 Ancient Protector
12:25 Ancient Protector
13:18 Ancient Protector
13:19 Ancient Protector
13:33 Orc Burrow
13:33 Orc Burrow
13:40 Watch Tower
13:40 Watch Tower
13:41 Watch Tower
14:20 Watch Tower
14:21 Watch Tower
14:21 Watch Tower
15:57 Watch Tower
15:57 Watch Tower
15:58 Watch Tower
15:59 Watch Tower
20:57 Altar of Storms
22:15 Watch Tower
22:18 Watch Tower
22:22 Watch Tower
22:22 Watch Tower
23:33 War Mill
23:53 Great Hall
24:19 Orc Burrow
26:45 Great Hall
27:23 Watch Tower
27:23 Watch Tower
27:23 Watch Tower
27:24 Watch Tower
27:24 Watch Tower
28:30 Stronghold
28:39 Voodoo Lounge
29:54 Watch Tower
30:15 Watch Tower
30:15 Watch Tower
30:16 Watch Tower
30:16 Watch Tower
39:23 Watch Tower
39:23 Watch Tower
39:24 Watch Tower
39:25 Watch Tower
41:50 Fortress
44:08 Great Hall
46:22 Great Hall
51:52 Barracks
52:36 Barracks
54:03 Barracks
54:09 Beastiary
55:13 Great Hall
55:18 Great Hall
56:20 Orc Burrow
56:37 Great Hall
56:44 Beastiary
56:47 Beastiary
56:51 Beastiary
56:54 Orc Burrow
61:24 Beastiary
61:25 Beastiary
61:30 Beastiary
» items
| Healing Salve | 4 | |
| Staff of Teleportation | 1 | |
| Lesser Clarity Potion | 2 | |
| Scroll of Town Portal | 3 | |
| Potion of Lesser Invulnerability | 1 | |
| Potion of Healing | 1 | |
| Potion of Mana | 1 | |
13 total
Chat log
(00:47 / Allies) Murderwood: expand him
(00:52 / Allies) Murderwood: I'll expand it later
(00:59 / Allies) WGhost: hes back
(01:08 / Allies) gingertea: you talking about me?
(01:12 / Allies) WGhost: yea hi
(01:29 / Allies) gingertea: ill be worth it
(01:47 / Allies) gingertea: and kick anyones ass whose coming
(01:56 / All) KBILLY-REVENGE: suck my D pruple
(02:09 / All) gingertea: that little thing
(02:16 / All) gingertea: i heard it only fills a 1x1 pixel
(02:20 / All) KBILLY-REVENGE: in the words of tyrion lannister, it aint that little
(02:50 / All) KBILLY-REVENGE: this ain't second life, suck it in real life it'll fill ur mouth
(02:51 / All) gingertea: the only sucking i do is on fat titties
(06:24 / Allies) Murderwood: get it while he make wisps lol
(06:29 / Allies) Murderwood: so it don't attack
(06:36 / All) gingertea: blue
(06:37 / All) Murderwood: wow lol
(12:27 / All) WGhost: mass tower ull win
(12:39 / All) KBILLY-REVENGE: thx
(12:55 / Allies) Murderwood: lumber please
(12:56 / Allies) Murderwood: gold
(12:59 / Allies) Murderwood: I can get siege
(15:09 / Allies) Murderwood: green can I get some gold?
(18:35 / Allies) WGhost: ??
(18:59 / Allies) WGhost: gg red
(23:18 / Allies) WGhost: so why are u bsing
(28:05 / All) KBILLY-REVENGE: seriosulyg reen
(28:12 / All) KBILLY-REVENGE: biggest try hard ever
(30:09 / Allies) gingertea: AFK
(31:41 / Allies) WGhost: gg red
(33:09 / Allies) yonick7: afk
(34:38 / All) KBILLY-REVENGE: u learn how much of a try hard players are
(34:40 / All) KBILLY-REVENGE: how about just leave
(34:42 / All) KBILLY-REVENGE: idiots
(36:03 / 10) Murderwood: can't send whiserp
(36:05 / 10) Murderwood: and was typing it
(36:44 / 10) Murderwood: game is in bag right now
(36:50 / 10) Murderwood: they need miracle
(37:21 / 10) Murderwood: dropping items at ur base
(37:44 / 10) Murderwood: by ur shop
(38:19 / 10) Murderwood: below ur base after i kill the farm there
(38:27 / All) KBILLY-REVENGE: bet u guys feel ashamed
(38:45 / 10) Murderwood: k ur good to kill it
(38:47 / 10) Murderwood: expo it*
(39:30 / 10) Murderwood: green has no tp
(39:55 / 10) Murderwood: he split his heroes and fiends
(39:59 / 10) Murderwood: fiends are to the right of ur base
(40:00 / 10) Murderwood: ur old ally base
(40:13 / 10) Murderwood: purp isn't afk I gues ll
(40:16 / 10) Murderwood: lol
(40:56 / All) KBILLY-REVENGE: wehre are ur fiends mr green
(41:04 / 10) Murderwood: buried
(41:10 / All) KBILLY-REVENGE: law
(41:11 / All) KBILLY-REVENGE: this guy
(41:33 / All) KBILLY-REVENGE: psoitive he hacks
(41:35 / All) KBILLY-REVENGE: always at rihgt spot
(42:28 / All) KBILLY-REVENGE: gimme my win
(42:34 / All) KBILLY-REVENGE: this one is for the record books folks
(43:00 / All) Murderwood: lawl
(43:02 / All) Murderwood: he is so try hard
(43:22 / All) KBILLY-REVENGE: he spamed silence coil and lich frost so dam quick for a game that is over
(43:41 / All) Murderwood: I got 3 hero
(44:04 / All) KBILLY-REVENGE: guess purp should have militia tked lawl
(44:23 / All) KBILLY-REVENGE: lawl
(44:26 / All) KBILLY-REVENGE: always at right psot
(44:34 / All) Murderwood: try hard covert hacker
(44:59 / All) KBILLY-REVENGE: out
(45:00 / All) KBILLY-REVENGE: noob
(45:34 / All) Murderwood: purple expo has 6k
(45:43 / All) Murderwood: right of ur base 6k
(46:07 / All) KBILLY-REVENGE: lol
(46:08 / All) KBILLY-REVENGE: this guy
(46:11 / All) KBILLY-REVENGE: biggest try hard ever
(46:21 / All) Murderwood: lol
(46:37 / All) Murderwood: 22-11 and 2-0 solo hacker
(46:56 / All) KBILLY-REVENGE: out plz purp
(47:06 / All) KBILLY-REVENGE: 100%
(47:10 / All) KBILLY-REVENGE: they would be talkig shit if they won this
(47:15 / All) Murderwood: yeah
(47:17 / All) Murderwood: they should ahve
(47:20 / All) Murderwood: lol
(47:22 / All) Murderwood: if they coordinated
(47:25 / All) Murderwood: and got the right units
(47:27 / All) KBILLY-REVENGE: i got green
(47:50 / All) KBILLY-REVENGE: green purp were actually talking shit before
(47:52 / All) KBILLY-REVENGE: it started to turn
(48:14 / All) Murderwood: you can raider purples base
(48:16 / All) Murderwood: no towers or units
(48:24 / 10) Murderwood: k
(49:05 / All) KBILLY-REVENGE: noobs
(49:11 / 10) Murderwood: teal or me
(49:15 / All) Murderwood: phew
(49:28 / All) Murderwood: teal had 2k lol
(49:50 / All) KBILLY-REVENGE: i only could manage to bat his base. had to defend my base after
(50:08 / 10) Murderwood: start expoing
(50:12 / 10) Murderwood: right of ur base
(51:39 / All) Murderwood: top mid open
(52:10 / All) KBILLY-REVENGE: time to leave nub green
(52:14 / 10) Murderwood: if green started getting gargs and coordinate with purple they easily would have beat me
(52:56 / All) Murderwood: purp at 0/6
(53:27 / 10) Murderwood: start expoing
(53:34 / 10) Murderwood: so you can easily kill the wyvern with bat
(53:34 / All) KBILLY-REVENGE: i tried. ur expo towe rkill me
(53:35 / 10) Murderwood: and tower them
(53:40 / All) Murderwood: it had 1 hit
(53:47 / All) Murderwood: killed it now
(54:56 / All) Murderwood: Every expo is available now
(55:22 / 10) Murderwood: those are my last buildings
(55:27 / 10) Murderwood: don't kill if yo uwant to still talk shit
(55:40 / 10) Murderwood: you can talk shit he's reading it
(55:48 / All) KBILLY-REVENGE: suck my dick green and teal
(55:51 / All) KBILLY-REVENGE: god damn nubs
(55:56 / All) Murderwood: good job 1v4 us bro
(56:00 / All) KBILLY-REVENGE: this is probably the worst lost ever in the history of wc3
(56:04 / All) KBILLY-REVENGE: well , worst loss fo ru
(56:07 / All) KBILLY-REVENGE: i actually feel good
(56:09 / All) KBILLY-REVENGE: : )
(56:17 / All) Murderwood: 1v4 is impressive
(56:20 / All) Murderwood: you owned green
(56:24 / All) KBILLY-REVENGE: thx
(56:25 / All) KBILLY-REVENGE: yes i did
(56:25 / All) Murderwood: he was a tryhard hacker but he sucks
(56:28 / All) Murderwood: he's dumb
(56:31 / All) Murderwood: he easily should ahve won
(56:37 / All) Murderwood: but all he knows is massing fiend
(57:09 / All) Murderwood: he kept remaking his gold mines over and over lol
(57:12 / All) Murderwood: taht I was sappering
(57:19 / All) KBILLY-REVENGE: maybe he is a bot?
(57:23 / All) Murderwood: I sappered them probably 30 times
(57:26 / All) KBILLY-REVENGE: wait bots are probably smarter
(57:42 / All) Murderwood: no he said "gg red"
(57:56 / All) KBILLY-REVENGE: lawl. now he delusional
(58:04 / All) KBILLY-REVENGE: 100% he would be talking shit to me and u
(58:06 / All) KBILLY-REVENGE: 100%
(58:34 / All) Murderwood: if they weren't stupid
(58:38 / All) Murderwood: they should have easily beat me
(58:42 / All) KBILLY-REVENGE: lawl
(59:06 / All) Murderwood: why is he still here lol
(59:06 / All) KBILLY-REVENGE: there isnt much i could have done but mass towers. raiders wre only option. couldnt kill 2 dks healing each other
(59:12 / All) Murderwood: he's sitting there in silence, fuming
(59:22 / All) Murderwood: man I'm shocked they didn't get you
(59:31 / All) KBILLY-REVENGE: me too. this was one for the record books
(59:39 / All) Murderwood: if purple had just stayed there trying to finish u off with them
(59:41 / All) Murderwood: they might hav won that way
(59:52 / All) KBILLY-REVENGE: i was like "i wish we fucking would have just quit and got in new game"
(60:02 / All) Murderwood: yeah I was thinking when they were all at ur base
(60:05 / All) Murderwood: with a shit load of units
(60:07 / All) Murderwood: mass expos
(60:07 / All) Murderwood: etc
(60:14 / All) KBILLY-REVENGE: then i was like, "is this son of a bitch really gonna pull this off"
(60:14 / All) Murderwood: I was like damn I should have listneed to flame
(60:21 / All) Murderwood: there's no way I can pull this off
(60:40 / All) KBILLY-REVENGE: you were the michael jordan of this comeback heist
(60:56 / All) Murderwood: The Larry Legend
(60:56 / All) KBILLY-REVENGE: here that green, you got a legend on ur team
(61:01 / All) KBILLY-REVENGE: larry legend
(61:14 / All) KBILLY-REVENGE: i got 20k now and 15 beastaries
(61:22 / All) Murderwood: 10k left
(61:27 / All) Murderwood: but no peons or anyway to build
(61:35 / All) Murderwood: Man when I saw drop screen for teal
(61:42 / All) Murderwood: I thought it was really me
(61:50 / All) Murderwood: After that epic game
(61:54 / All) Murderwood: That would have sucked lol
(62:38 / 10) Murderwood: gave him control let's see if he does anything
(63:41 / All) Murderwood: I guess green truly is AFK
(64:01 / All) Murderwood: end it whenever
(64:12 / All) KBILLY-REVENGE: nub green